 Dungeon Crawl Stone Soup version 0.29.1-12-g30fa7ad0bf (webtiles) character file.

Game seed: 849835145966669236

768 fantasyman the Chopper (level 8, 0/55 (62) HPs)
             Began as a Formicid Fighter on Jan 4, 2023.
             Was a Follower of the Shining One.
             Slain by a steam dragon (5 damage)
             ... on level 6 of the Dungeon on Jan 5, 2023.
             The game lasted 00:07:51 (5490 turns).

fantasyman the Chopper (Formicid Fighter)           Turns: 5490, Time: 00:07:51

HP:   0/55 (62)     AC: 12    Str: 22 (23) XL:     8   Next: 9%
MP:   10/10         EV: 10    Int:  6 (8)  God:    the Shining One [*.....]
Gold: 247           SH: 10    Dex: 11 (13) Spells: 10/10 levels left

rFire   . . .      SeeInvis +   f - +0 battleaxe
rCold   . . .      Faith    .   c - +1 buckler
rNeg    . . .      Spirit   .   h - +0 plate armour
rPois   +          Reflect  +   (helmet unavailable)
rElec   .          Harm     .   (no cloak)
rCorr   +          Rampage  .   (no gloves)
Will    .....                   (no boots)
Stlth   ..........              g - amulet of reflection
HPRegen 0.18/turn               p - +4 ring of evasion
MPRegen 0.12/turn               m - ring of resist corrosion

@: glowing, heavily drained
A: permanent stasis, dig shafts and tunnels, antennae 3, four strong arms,
poison resistance, wild magic 1, evolution 1, MP-powered wands
a: Dig, Shaft Self, Renounce Religion, Divine Shield


You were on level 6 of the Dungeon.
You worshipped the Shining One.
The Shining One was aware of your devotion.
You visited 2 branches of the dungeon, and saw 7 of its levels.

You collected 291 gold pieces.
You spent 44 gold pieces at shops.

Inventory:

Hand Weapons
 a - a +0 war axe
 f - a +0 battleaxe (weapon)
Missiles
 s - a throwing net
Armour
 c - a +1 buckler (worn)
 h - a +0 plate armour (worn)
Jewellery
 g - an amulet of reflection (around neck)
 m - a ring of resist corrosion (right hand)
 p - a +4 ring of evasion (left hand)
 q - a ring of flight
Wands
 e - a wand of flame (20)
Scrolls
 k - 2 scrolls of identify
 r - 2 scrolls of teleportation {unknown}
Potions
 b - a potion of haste
 d - a potion of resistance
 j - a potion of attraction
 l - a potion of mutation
 n - a potion of berserk rage
 o - 3 potions of curing
 t - a potion of degeneration
 u - 2 potions of lignification


   Skills:
 + Level 5.2 Fighting
 + Level 6.5 Axes
 + Level 5.1 Armour
 - Level 4.0 Shields
 * Level 1.9 Spellcasting


You had 10 spell levels left.
You didn't know any spells.
Your spell library contained the following spells:

 Spells                   Type           Power      Damage    Failure   Level
 Beastly Appendage        Tmut           0%         N/A       100%        1
 Sting                    Tmut/Pois      0%         1d3       100%        1
 Poisonous Vapours        Pois/Air       0%         N/A       100%        2
 Wereblood                Tmut           0%         N/A       100%        2
 Call Canine Familiar     Summ           0%         N/A       100%        3
 Portal Projectile        Hex/Tloc       0%         N/A       100%        3
 Spider Form              Tmut/Pois      0%         N/A       100%        3
 Tukima's Dance           Hex            0%         N/A       100%        3
 Leda's Liquefaction      Hex/Erth       0%         N/A       100%        4
 Olgreb's Toxic Radiance  Pois           0%         N/A       100%        4
 Blade Hands              Tmut           0%         N/A       100%        5


Dungeon Overview and Level Annotations

Branches:
Dungeon (6/15)             Temple (1/1) D:4

Altars:
Ashenzari
Cheibriados
Dithmenos
Elyvilon
Fedhas
Gozag
Kikubaaqudgha
Nemelex Xobeh
Qazlal
Ru
Sif Muna
Trog
Uskayaw
Vehumet
Wu Jian
Xom
Yredelemnul
The Shining One

Shops:
D:3 ?


Innate Abilities, Weirdness & Mutations

You cannot be hasted, slowed, berserked, paralysed or teleported.
You can dig through walls and to a lower floor.
You have a pair of large antennae on your head. (SInv)
Your four strong arms can wield two-handed weapons with a shield.
Your system is resistant to poisons. (rPois)
Your spells are a little harder to cast, but a little more powerful.
You have hidden genetic potential.
You expend magic power (3 MP) to strengthen your wands.


Message History

You feel weakened.
You feel dopey.
You feel clumsy.
You block the wight's attack. x2; The steam dragon bites you.
The steam dragon claws you but does no damage.
You slash the steam dragon!
The steam dragon is heavily wounded.
You hit the wight. The wight closely misses you.
The wight hits you but does no damage. You block the steam dragon's attack.
The steam dragon barely misses you.
You hit the steam dragon.
The steam dragon is heavily wounded.
You completely miss the wight. The wight barely misses you.
The wight hits you with a +0 flail.
You feel drained.
The steam dragon bites you but does no damage.
The steam dragon barely misses you.
You slash the steam dragon!
The steam dragon is severely wounded.
You barely miss the wight.
The wight hits you from afar with a +0 spear.
* * * LOW HITPOINT WARNING * * *
You feel drained.
* * * LOW HITPOINT WARNING * * *
The wight hits you but does no damage.
The steam dragon bites you but does no damage.
The steam dragon barely misses you.
The wight hits you from afar with a +0 spear.
* * * LOW HITPOINT WARNING * * *
You feel drained.
The steam dragon bites you but does no damage.
The steam dragon barely misses you. You block the wight's attack.
It was a potion of magic.
Magic courses through your body. You block the wight's attack.
You block the steam dragon's attack. The steam dragon claws you.
* * * LOW HITPOINT WARNING * * *
You block the wight's attack.
Unknown command.
You slash the wight!
You destroy the wight!
The Shining One accepts your kill.
You barely miss the steam dragon. The steam dragon bites you.
You die...

.. # ## ..# #.#.
(.# #.#.##.#
#......#
.##......##
......z...#
.##....).#
.......)@.#
#.##....D########
#....#[.......
.......#........
###....#...$....
#.............
...............
....###.........
.... ##........


You could see a steam dragon and a wight.

Vanquished Creatures
  A water moccasin (D:5)
  2 scorpions (D:5)
  3 wights (D:6)
  A howler monkey (D:5)
  An orc priest (D:5)
  2 jellies
  2 hounds
  2 iguanas
  2 gnolls
  10 adders
  2 ufetubi (D:5)
  3 worms
  A dart slug (D:1)
  10 orcs
  5 endoplasms
  A giant cockroach (D:3)
  8 goblins
  5 hobgoblins
  2 kobolds
  4 quokkas
  4 ball pythons
  2 bats (D:1)
  4 frilled lizards
  A rat (D:2)
78 creatures vanquished.

Notes
Turn   | Place    | Note
-------+----------+-------------------------------------------
     0 | D:1      | fantasyman the Formicid Fighter began the quest for the
                  | Orb.
     0 | D:1      | Reached XP level 1. HP: 18/18 MP: 1/1
   188 | D:1      | Reached XP level 2. HP: 25/25 MP: 2/2
   225 | D:1      | Found a faded altar of an unknown god.
  1019 | D:2      | Reached XP level 3. HP: 30/30 MP: 3/3
  1113 | D:2      | Found an ancient bone altar of Kikubaaqudgha.
  1356 | D:2      | Reached skill level 3 in Axes
  1365 | D:2      | Reached XP level 4. HP: 37/37 MP: 4/4
  1417 | D:2      | You fall into a shaft and drop 1 floor!
  1599 | D:3      | Found Ivasem's Magic Scroll Shop.
  1607 | D:3      | Bought a scroll of identify for 22 gold pieces
  1607 | D:3      | Bought a scroll of identify for 22 gold pieces
  2319 | D:4      | Reached XP level 5. HP: 21/42 MP: 5/5
  2320 | D:4      | Reached skill level 4 in Axes
  2721 | D:4      | Found a staircase to the Ecumenical Temple.
  2734 | Temple   | Entered the Ecumenical Temple
  2739 | Temple   | Became a worshipper of the Shining One
  2823 | D:4      | Found a snail-covered altar of Cheibriados.
  2901 | D:4      | Found a radiant altar of Vehumet.
  3229 | D:4      | Reached XP level 6. HP: 49/49 MP: 6/6
  3333 | D:4      | Gained mutation: You expend magic power (3 MP) to
                  | strengthen your wands. [potion of mutation]
  3333 | D:4      | Gained mutation: Your system is resistant to poisons.
                  | (rPois) [potion of mutation]
  3333 | D:4      | Gained mutation: You have hidden genetic potential. [potion
                  | of mutation]
  3479 | D:5      | Entered Level 5 of the Dungeon
  3558 | D:5      | Found a blossoming altar of Fedhas.
  3628 | D:5      | Noticed a water moccasin
  3639 | D:5      | Killed a water moccasin
  3640 | D:5      | Reached skill level 5 in Axes
  3640 | D:5      | Reached XP level 7. HP: 26/55 MP: 7/7
  3661 | D:5      | Gained mutation: Your spells are a little harder to cast,
                  | but a little more powerful. [hidden potential]
  4384 | D:5      | Reached skill level 1 in Spellcasting
  4615 | D:6      | Reached skill level 5 in Fighting
  4766 | D:5      | Reached skill level 6 in Axes
  5264 | D:5      | Reached skill level 5 in Armour
  5478 | D:6      | Reached XP level 8. HP: 62/62 MP: 10/10
  5480 | D:6      | Reached * piety under the Shining One
  5490 | D:6      | Slain by a steam dragon

Illustrated notes

Levels and vault maps discovered:
D:1:      scummos_arrival_simple_fountains, layout_loops_ring,
          ebering_ecumenical_altar_petrified, kennysheep_pointless_box,
          kennysheep_another_room
D:2:      layout_rooms, basic_altar
D:3:      layout_basic, serial_shops, shop, minmay_misc_feat_tower
D:4:      layout_rooms, mainiacjoe_overflow_paths, nicolae_vehumet_radiance,
          minmay_temple_entry_sparse_star, minmay_pentangle
D:5:      layout_basic, fedhas_ov_isle_minmay, dreamdust_wishing_well,
          kennysheep_dice
D:6:      layout_basic, st_stairs_2
Temple:   minmay_freezing_vapour_temple

Skill      XL: |  1  2  3  4  5  6  7 |
---------------+----------------------+-----
Fighting       | 4 5 |  5.2
Axes           | 3 4 5 6 |  6.5
Armour         | 4 5 |  5.1
Spellcasting   | 1 |  1.9
Shields        | |  4.0

Action                   |  1- 3 |  4- 6 |  7- 9 || total
-------------------------+-------+-------+-------++-------
Melee: War axe           |    86 |    27 |       ||   113
       Battleaxe         |       |    66 |    46 ||   112
 Abil: Dig               |     2 |     1 |       ||     3
  Use: Scroll            |       |    13 |       ||    13
       Potion            |       |     4 |     2 ||     6
Armor: Scale mail        |    10 |       |       ||    10
       Plate armour      |    24 |    58 |    34 ||   116
       Skin              |       |     8 |       ||     8
Dodge: Dodged            |    20 |    55 |    33 ||   108
Block: Buckler           |    38 |    84 |    53 ||   175
       Reflection        |     1 |       |       ||     1
